 Dungeon Crawl Stone Soup version 0.29.1-1-gd02db6906a (webtiles) character file.

Game seed: 2447769250328266028

1107 LustLizard the Slasher (level 8, -4/61 HPs)
             Began as a Demonspawn Gladiator on Oct 20, 2022.
             Was an Elder of Jiyva.
             Shot with a bolt by an orc warrior (22 damage)
             ... on level 6 of the Dungeon.
             The game lasted 00:13:38 (5679 turns).

LustLizard the Slasher (Demonspawn Gladiator)       Turns: 5679, Time: 00:13:39

Health: -4/61      AC: 11    Str: 14    XL:     8   Next: 11%
Magic:  10/10      EV: 13    Int: 12    God:    Jiyva [****..]
Gold:   318        SH:  0    Dex: 18    Spells: 7/7 levels left

rFire   + + .      SeeInvis +   o - +8 short sword "Zonuen Jenu" {vamp, rC+ Int+3 SInv}
rCold   + . .      Faith    .   (no shield)
rNeg    + . .      Spirit   .   l - +1 chain mail {rF+}
rPois   .          Reflect  .   (helmet restricted)
rElec   .          Harm     .   (no cloak)
rCorr   +          Rampage  .   v - +0 pair of gloves
Will    .....                   p - +0 pair of boots
Stlth   ..........              F - amulet of magic regeneration
HPRegen 1.48/turn               r - ring of positive energy
MPRegen 1.04/turn               w - ring of protection from fire

@: agile
A: horns 1, powered by pain 1, magic regeneration, sturdy frame 1, high MP 3,
tendrils
a: Renounce Religion, Oozemancy, Slimify


You were on level 6 of the Dungeon.
You worshipped Jiyva.
Jiyva was greatly pleased with you.
You visited 2 branches of the dungeon, and saw 7 of its levels.
You also visited: Sewer and Ossuary.

You collected 318 gold pieces.

Inventory:

Hand Weapons
 a - a +1 long sword
 o - the +8 short sword "Zonuen Jenu" (weapon) {vamp, rC+ Int+3 SInv}
   (You found it on level 2 of the Dungeon)

   It occasionally heals its wielder for a portion of the damage dealt when it
   wounds a living foe.
   Int:       It affects your intelligence (+3).
   rC:        It protects you from cold.
   SInv:      It lets you see invisible.
 y - the +4 hand axe of Recklessness {speed, *Corrode rPois rC+++ Stlth+}
   (You found it on level 2 of the Dungeon)

   Attacks with this weapon are significantly faster.
   rC:        It renders you almost immune to cold.
   rPois:     It protects you from poison.
   *Corrode:  It may corrode you when you take damage.
   Stlth:     It makes you more stealthy.
Missiles
 d - 3 throwing nets
 e - a javelin
 h - 34 stones
 n - 6 boomerangs (quivered)
 I - 28 poisoned darts
Armour
 b - a +0 leather armour
 c - a +0 helmet
 l - a +1 chain mail of fire resistance (worn)
 p - a +0 pair of boots (worn)
 v - a +0 pair of gloves (worn)
Jewellery
 q - a ring of ice
 r - a ring of positive energy (left hand)
 w - a ring of protection from fire (right hand)
 F - an amulet of magic regeneration (around neck)
Scrolls
 i - 3 scrolls of amnesia
 j - a scroll of silence {unknown}
 s - a scroll of blinking {unknown}
 t - a scroll of noise {unknown}
 z - 3 scrolls of teleportation
 A - a scroll of summoning {unknown}
 D - a scroll of identify
 G - a scroll of torment {unknown}
Potions
 f - 6 potions of flight
 g - 2 potions of resistance {unknown}
 k - 6 potions of lignification
 m - 2 potions of cancellation {unknown}
 u - 5 potions of curing {unknown}
 x - 2 potions of heal wounds {unknown}
 B - 2 potions of haste {unknown}
 C - 5 potions of might
 E - 2 potions of mutation {unknown}
 H - a potion of brilliance {unknown}
 J - a potion of ambrosia {unknown}


   Skills:
 + Level 4.5 Fighting
 * Level 6.2 Long Blades
 * Level 5.7 Throwing
 - Level 2.6 Dodging


You had 7 spell levels left.
You didn't know any spells.
Your spell library contained the following spells:

 Spells                   Type           Power      Damage    Failure   Level
 Sandblast                Erth           0%         2d4       99%         1
 Passwall                 Tmut/Erth      0%         N/A       100%        2
 Conjure Flame            Conj/Fire      0%         6-21      100%        3
 Gell's Gravitas          Tloc           0%         N/A       100%        3
 Ignite Poison            Fire/Tmut/Pois 0%         N/A       100%        3
 Lesser Beckoning         Tloc           0%         N/A       100%        3
 Stone Arrow              Conj/Erth      0%         3d7       100%        3
 Summon Guardian Golem    Hex/Summ       0%         N/A       100%        3
 Teleport Other           Tloc           0%         N/A       100%        3
 Sticky Flame             Conj/Fire      0%         2d3       100%        4
 Summon Forest            Summ/Tloc      0%         N/A       100%        5
 Eringya's Noxious Bog    Tmut/Pois      0%         N/A       100%        6
 Iron Shot                Conj/Erth      0%         9d1       100%        6
 Haunt                    Necr/Summ      0%         N/A       100%        7
 Summon Hydra             Summ           0%         N/A       100%        7


Dungeon Overview and Level Annotations

Branches:
Dungeon (6/15)             Temple (1/1) D:4           Sewer (visited)
Ossuary (visited)

Altars:
Ashenzari
Cheibriados
Dithmenos
Fedhas
Hepliaklqana
Kikubaaqudgha
Okawaru
Qazlal
Ru
Sif Muna
Trog
Xom

Shops:
D:5 [

Annotations:
D:4 2 transporters, Ychaviel's ghost, amateur SpDe


Innate Abilities, Weirdness & Mutations

You have a pair of small horns on your head.
You sometimes gain a little power by taking damage.
You regenerate magic rapidly.
Your movements are slightly less encumbered by armour. (ER -2)
You have a greatly increased reservoir of magic. (+30% MP)
You are covered in slimy tendrils that may disarm your opponents.


Message History

The orc warrior is lightly wounded.
The orc warrior hits you with a +0 war axe.
You puncture the orc warrior!
You feel better.
The orc warrior is moderately wounded.
The orc warrior hits you with a +0 war axe!
You focus on the pain.
You feel agile all of a sudden.
You hit the orc warrior.
You feel better.
The orc warrior is moderately wounded.
The orc warrior hits you with a +0 war axe!
You focus on the pain.
You feel more agile all of a sudden.
Your unstable footing causes you to fumble your attack.
The orc warrior hits you with a +0 war axe!
You hit the orc warrior but do no damage.
You headbutt the orc warrior, but do no damage.
The orc warrior is moderately wounded.
The orc warrior hits you with a +0 war axe.
You puncture the orc warrior!
You feel better.
You headbutt the orc warrior, but do no damage.
The orc warrior is heavily wounded.
The orc warrior hits you but does no damage.
You hear a splash. x2
Your tendrils lash around the orc warrior's +0 war axe and pull it to the ground!
The orc warrior attacks as you move away!
The orc warrior hits you.
The orc warrior wields a +0 arbalest.
The orc warrior shoots a bolt.
The bolt misses you.
There is an open door, spattered with blood here.
Things that are here:
a +0 robe; an orc corpse The orc warrior shoots a bolt.
The bolt hits you!
The orc warrior shoots a bolt.
The bolt hits you!!
* * * LOW HITPOINT WARNING * * *
You see here a +0 dagger.
The orc warrior shoots a bolt.
The bolt closely misses you.
The orc warrior shoots a bolt.
The bolt hits you.
The orc warrior shoots a bolt.
The bolt hits you!
* * * LOW HITPOINT WARNING * * *
The orc warrior shoots a bolt.
The bolt hits you!!
You die...

#.......##.####
#.......##.#
#.......##'##
#...........#
######......#
#......# #######
#......#
###.....###......##
#..@......o.......#
#.#####.#####.....#
#.# ###~~⌠#.....#
#.# ~~~~~#.....#
#.# #o~~#o....#
#.##~##o##)##.....#
#..#~~.ow#~[)..##.#
#.##~##.##~##.....#
#.# # #~~~#.#####


You could see an orc warrior.

Vanquished Creatures
  Menkaure (D:4)
  An ogre (D:5)
  A centaur (D:6)
  A phantom (D:4)
  A kobold brigand (D:6)
  A howler monkey (D:6)
  3 jellies (Sewer)
  2 orc priests
  A gnoll bouda (D:5)
  2 iguanas
  3 orc wizards
  9 mummies
  4 gnolls (D:5)
  9 adders
  An ufetubus (D:5)
  2 worms
  2 dart slugs
  12 orcs
  10 ball pythons
  11 endoplasms
  5 giant cockroaches
  5 goblins
  10 hobgoblins
  2 jackals (D:1)
  11 kobolds
  2 bats (D:1)
  6 frilled lizards
  A gnoll zombie (Ossuary)
  5 kobold zombies (Ossuary)
  2 orc zombies (Ossuary)
  6 rats
132 creatures vanquished.

Vanquished Creatures (others)
  A bullfrog (D:6)
  A necrophage (D:6)
  6 jellies
  2 orc priests (D:3)
  An orc wizard (D:3)
  3 gnolls (D:5)
  5 adders
  An ufetubus (D:6)
  2 orcs (D:3)
  3 endoplasms (D:3)
  4 goblins
  4 hobgoblins
  A kobold (D:3)
  A frilled lizard (D:3)
  10 fungi (D:4)
  41 plants (D:3)
86 creatures vanquished.

Grand Total: 218 creatures vanquished

Notes
Turn   | Place    | Note
-------+----------+-------------------------------------------
     0 | D:1      | LustLizard the Demonspawn Gladiator began the quest for the
                  | Orb.
     0 | D:1      | Reached XP level 1. HP: 16/16 MP: 1/1
   368 | D:1      | Gained mutation: Your movements are slightly less
                  | encumbered by armour. (ER -2) [demonic ancestry]
   368 | D:1      | Reached XP level 2. HP: 22/22 MP: 2/2
   383 | D:1      | Reached skill level 3 in Long Blades
   501 | D:1      | Found a faded altar of an unknown god.
  1136 | D:2      | Identified the +8 short sword "Zonuen Jenu" {vamp, rC+
                  | Int+3 SInv}
  1171 | D:2      | Gained mutation: You sometimes gain a little power by
                  | taking damage. [demonic ancestry]
  1171 | D:2      | Reached XP level 3. HP: 28/28 MP: 3/3
  1310 | D:2      | Got Sigoahud's Tractate on Illusion and Conjuration
  1666 | D:2      | Identified the +4 hand axe of Recklessness {speed, *Corrode
                  | rPois rC+++ Stlth+}
  1759 | D:3      | Reached XP level 4. HP: 33/34 MP: 4/4
  1861 | D:3      | Found a glowing drain.
  1890 | Sewer    | Entered a sewer
  1944 | Sewer    | Reached XP level 5. HP: 40/40 MP: 5/5
  1977 | Sewer    | Reached skill level 4 in Long Blades
  2325 | Sewer    | Found a viscous altar of Jiyva.
  2365 | Sewer    | Gained mutation: You regenerate magic rapidly. [demonic
                  | ancestry]
  2365 | Sewer    | Reached XP level 6. HP: 47/47 MP: 6/6
  2410 | Sewer    | Became a worshipper of Jiyva Jakim the Shapeless
  2955 | D:3      | Reached * piety under Jiyva
  3085 | D:4      | Found a staircase to the Ecumenical Temple.
  3106 | Temple   | Entered the Ecumenical Temple
  3329 | D:4      | Reached ** piety under Jiyva
  3361 | D:4      | Found a transporter.
  3361 | D:4      | Noticed Ychaviel's ghost (amateur SpDe)
  3362 | D:4      | Found a transporter.
  3492 | D:4      | Noticed Menkaure
  3508 | D:4      | Killed Menkaure
  3560 | D:4      | Reached skill level 5 in Long Blades
  3560 | D:4      | Gained mutation: You have a pair of small horns on your
                  | head. [demonic ancestry]
  3560 | D:4      | Reached XP level 7. HP: 53/53 MP: 7/7
  3962 | D:5      | Entered Level 5 of the Dungeon
  4173 | D:5      | Reached skill level 5 in Throwing
  4201 | D:5      | Reached *** piety under Jiyva
  4488 | D:5      | Gained mutation: You are covered in slimy tendrils that may
                  | disarm your opponents. [Jiyva's grace]
  4488 | D:5      | Gained mutation: You have an increased reservoir of magic.
                  | (+10% MP) [Jiyva's grace]
  4488 | D:5      | Gained mutation: You have a considerably increased
                  | reservoir of magic. (+20% MP) [Jiyva's grace]
  4488 | D:5      | Gained mutation: You have a greatly increased reservoir of
                  | magic. (+30% MP) [Jiyva's grace]
  4739 | D:5      | Found Kuiqacset's Armour Shoppe.
  5184 | D:6      | Reached **** piety under Jiyva
  5208 | D:6      | Found a sand-covered staircase.
  5214 | Ossuary  | Entered an ossuary
  5344 | Ossuary  | Reached skill level 6 in Long Blades
  5468 | D:6      | Reached XP level 8. HP: 60/61 MP: 10/10
  5646 | D:6      | Found a snail-covered altar of Cheibriados.
  5679 | D:6      | Shot with a bolt by an orc warrior

Illustrated notes

Levels and vault maps discovered:
D:1:      heliophobic_arrival_dark_side_of_the_moon, layout_basic,
          hellmonk_ecumenical_altar_lost_god
D:2:      layout_basic, minmay_pentomino_o4
D:3:      minmay_skewed_foursquare, layout_basic, cheibrodos_sewer_entry_bend,
          serial_bayou_lagoon_a, hangedman_decor_growths, minmay_joined_circles
D:4:      layout_loops_corners, minmay_temple_entry_mini_moons, serial_aquarium,
          aquarium_bridge_square [aquarium_subvault_bridge,
          aquarium_subvault_wall, aquarium_subvault_window,
          aquarium_subvault_window], aquarium_bridge_straight
          [aquarium_subvault_bridge, aquarium_subvault_window,
          aquarium_subvault_bridge, aquarium_subvault_balcony],
          aquarium_window_1, aquarium_window_fake, aquarium_view_2c,
          aquarium_pool_side, gammafunk_ghost_arena, roderic_roman_lattice,
          uniq_menkaure
D:5:      layout_layer_cave, serial_shops, nicolae_shop_window_shopping
D:6:      layout_basic, cheibrodos_worm_habitat, gup_ossuary_entry_pyramid
Temple:   nicolae_temple_ecumenical_triangle

Skill      XL: |  1  2  3  4  5  6  7 |
---------------+----------------------+-----
Throwing       | 2 3 4 5 |  5.7
Long Blades    | 3 4 5 6 |  6.2
Fighting       | 3 4 |  4.5
Dodging        | |  2.6

Action                   |  1- 3 |  4- 6 |  7- 9 || total
-------------------------+-------+-------+-------++-------
Melee: Long sword        |    49 |       |       ||    49
       Short sword       |    26 |   127 |   162 ||   315
       Punch             |     1 |     1 |     2 ||     4
       Headbutt          |       |       |    41 ||    41
Throw: Stone             |     7 |     6 |     5 ||    18
       Boomerang         |       |     1 |     3 ||     4
  Use: Scroll            |       |       |     6 ||     6
Armor: Leather armour    |    15 |       |       ||    15
       Chain mail        |    21 |    54 |   101 ||   176
Dodge: Dodged            |    39 |    42 |    69 ||   150
